Devils vs Heat

Created - April 9, 2023 at 21:01

Goals
1 2 3 T
Devils 2 2 0 4
Heat 1 3 2 6
Shots
1 2 3 T
Devils 7 14 5 26
Heat 8 17 7 32

1st period

1. Heat , Evgeny Svechnikov 40 (Rasmus Andersson 44) at 6:11
2. Devils , Valeri Nichushkin 24 (Ondrej Kase 40, Maxime Macenauer 7) at 11:19
3. Devils , Joonas Donskoi 25 (Damon Severson 31) at 17:16

Penalties :
Brandon Hickey (Sto) for Interference (Minor) at 6:28, Erik Brannstrom (Sto) for Holding (Minor) at 18:20

2nd period

4. Devils , Jake Bean 1 (Ondrej Kase 41) at 10:35 (PP)
5. Heat , Matthew Nieto 42 (Victor Rask 70, Rasmus Andersson 45) at 12:39 (PP)
6. Heat , Philip Varone 17 (Jesper Bratt 15, Brandon Hickey 7) at 15:53
7. Heat , Chris Brown 13 (Nico Sturm 12, Philip Varone 11) at 19:23
8. Devils , Maxime Macenauer 6 (Ondrej Kase 42) at 19:59

Penalties :
Trevor Carrick (Sto) for Holding Stick (Minor) at 3:56, Eric Karlsson (Sto) for Hooking (Minor) at 10:18, Ilya Lyubushkin (Bin) for Hooking (Minor) at 11:55

3rd period

9. Heat , Barclay Goodrow 14 (Nico Sturm 13) at 9:05 (SH)
10. Heat , Ryan Spooner 14 (Trevor Carrick 10, Rasmus Andersson 46) at 10:50

Penalties :
Eric Karlsson (Sto) for Hooking (Minor) at 5:07, Victor Rask (Sto) for Tripping (Minor) at 8:34, Frank Corrado (Sto) for Slashing (Double Minor) at 10:58

Goalie Stats

Calvin Pickard (Bin), 26 saves from 32 shots - (0.813), L, 29-12-2, 60:00 minutes
Michael Hutchinson (Sto), 22 saves from 26 shots - (0.846), W, 30-21-3, 60:00 minutes

Players Stats for Devils

Player Name              G  A  P  +/- PIM S  H  SB GA TA FO     MP     PP MP  PK MP  
------------------------------------------------------------------------------------
Alan Quine               0  0  0  -2  0   3  0  1  0  0  4/14   17:31   5:58   0:00 
Brett Howden             0  0  0  -1  0   0  1  0  0  0  2/5     7:11   0:00   0:12 
Brett Seney              0  0  0  -2  0   2  1  0  1  0  0/1    17:19   5:58   0:00 
Christian Wolanin        0  0  0  -2  0   0  0  0  0  0  0/0    14:11   5:18   0:00 
Conor Garland            0  0  0  -2  0   0  3  0  0  0  1/1    17:13   5:56   0:00 
Cristiano Digiacinto     0  0  0  -1  0   1  0  0  0  0  0/0     8:12   0:39   0:12 
Dalton Thrower           0  0  0   0  0   2  1  1  0  0  0/0    13:53   0:33   0:12 
Damon Severson           0  1  1   0  0   0  2  1  0  2  0/0    27:09   8:20   0:32 
Darren Dietz             0  0  0   0  0   0  1  0  0  0  0/0    13:20   0:00   0:12 
Eeli Tolvanen            0  0  0  -1  0   0  1  0  0  0  0/0     7:29   0:15   0:00 
Ilya Lyubushkin          0  0  0   0  2   1  1  3  1  1  0/0    26:36   8:20   0:00 
Jake Bean                1  0  1  -2  0   2  0  0  0  0  0/0    14:11   5:18   0:00 
Joonas Donskoi           1  0  1  -1  0   2  1  0  1  0  2/2    12:51   1:09   0:00 
Mason Marchment          0  0  0  -1  0   0  0  0  0  0  0/0    11:23   0:00   0:00 
Maxime Macenauer         1  1  2   2  0   4  1  0  2  1  15/35  22:41   7:20   0:32 
Ondrej Kase              0  3  3   2  0   5  5  2  0  1  0/1    22:38   7:17   0:32 
Reid Boucher             0  0  0  -1  0   1  1  0  0  0  4/7    12:40   0:42   0:00 
Robbie Russo             0  0  0   0  0   0  0  0  0  0  0/0     5:52   0:33   0:32 
Valeri Nichushkin        1  0  1   2  0   3  1  0  0  0  0/0    22:08   7:19   0:00 
Wyatt Kalynuk            0  0  0   0  0   0  0  0  0  1  0/0     4:47   0:00   0:00 

Players Stats for Heat

Player Name              G  A  P  +/- PIM S  H  SB GA TA FO     MP     PP MP  PK MP  
------------------------------------------------------------------------------------
Barclay Goodrow          1  0  1   0  0   3  4  0  0  0  0/1    16:55   0:16   4:41 
Brandon Hickey           0  1  1   1  2   1  1  0  0  1  0/0    15:21   0:00   4:08 
Chris Brown              1  0  1   1  0   2  2  0  0  0  0/0     8:04   0:00   2:32 
Dominik Masin            0  0  0   2  0   1  1  0  0  0  0/0    20:50   0:00   8:41 
Eric Karlsson            0  0  0   0  4   1  3  0  0  1  1/2    12:14   0:00   2:14 
Erik Brannstrom          0  0  0   0  2   2  0  1  0  0  0/0    15:53   0:00   1:16 
Evgeny Svechnikov        1  0  1   1  0   2  4  1  1  0  1/6    17:31   0:28   0:00 
Frank Corrado            0  0  0   0  4   1  2  1  1  0  0/0    18:21   0:44   0:44 
Jesper Bratt             0  1  1  -1  0   0  2  0  0  0  5/5    19:45   0:16   7:12 
Mathieu Brodeur          0  0  0   0  0   0  1  1  1  0  0/0    21:45   0:00   5:14 
Matthew Nieto            1  0  1   1  0   4  0  0  0  0  1/1    18:00   0:28   0:25 
Nico Sturm               0  2  2   2  0   2  0  0  1  0  3/5    10:05   0:00   4:03 
Philip Varone            1  1  2  -1  0   3  1  0  1  1  12/18  19:53   0:16   7:15 
Rasmus Andersson         0  3  3   1  0   5  0  1  0  1  0/0    28:26   0:44   8:19 
Ryan Spooner             1  0  1   0  0   1  2  0  1  0  4/6     9:57   0:00   0:00 
Tage Thompson            0  0  0   1  0   0  0  0  0  0  0/0     5:20   0:00   0:00 
Trevor Carrick           0  1  1   0  2   1  0  0  0  1  0/0     9:45   0:00   0:00 
Victor Rask              0  1  1   1  2   3  2  0  0  0  11/22  17:37   0:28   0:00 

3 Stars

1 - Ondrej Kase (Bin)
2 - Evgeny Svechnikov (Sto)
3 - Rasmus Andersson (Sto)

Power Play

Devils - 1 on 8 Attempt(s) - 12.50%
Heat - 1 on 1 Attempt(s) - 100.00%

Penalty Kill

Devils - 0 on 1 Attempt(s) - 0.00% - Score 0 goal in Penalty Kill
Heat - 7 on 8 Attempt(s) - 87.50% - Score 1 goal in Penalty Kill

Team Stat

Devils - Hits : 20 - Faceoff Wins : 28 - Blocked Shots : 8 - Penalty Minutes : 2
Heat - Hits : 25 - Faceoff Wins : 38 - Blocked Shots : 5 - Penalty Minutes : 16

Official

Referees : Kendrick Nicholson and Gord Dwyer
Linesman : Julien Fournier and James Tobias

Game Notes

5:13 of 1st period - Devils goal is going for a video replay. After video review, No Goal. The attacking player has interfered with a goalkeeper in his goal crease.

Finance

Level 1 -- Attendance: 1736 (86.80%) -- Ticket Income $60,760
Level 2 -- Attendance: 971 (97.10%) -- Ticket Income $14,565
Total Attendance: 2707 (90.23%)
Total Ticket Income: $75,325
Other Income: $3,766
Total Income: $79,091

Devils

5 vs 5 Forward 
   Center                   Left Wing                Right Wing               Time % Phy DF OF 
 1 Maxime Macenauer         Valeri Nichushkin        Ondrej Kase              35     0   2  3  
 2 Alan Quine               Brett Seney              Conor Garland            30     0   2  3  
 3 Reid Boucher             Mason Marchment          Joonas Donskoi           23     0   2  3  
 4 Brett Howden             Cristiano Digiacinto     Eeli Tolvanen            12     0   2  3  

5 vs 5 Defense 
   Defense                  Defense                                           Time % Phy DF OF 
 1 Damon Severson           Ilya Lyubushkin                                   40     0   3  2  
 2 Dalton Thrower           Darren Dietz                                      30     0   3  2  
 3 Christian Wolanin        Jake Bean                                         20     0   3  2  
 4 Robbie Russo             Wyatt Kalynuk                                     10     0   3  2  

PowerPlay Forward 
   Center                   Left Wing                Right Wing               Time % Phy DF OF 
 1 Maxime Macenauer         Valeri Nichushkin        Ondrej Kase              60     0   0  5  
 2 Alan Quine               Brett Seney              Conor Garland            40     0   0  5  

PowerPlay Defense
   Defense                  Defense                                           Time % Phy DF OF 
 1 Damon Severson           Ilya Lyubushkin                                   60     0   1  4  
 2 Jake Bean                Christian Wolanin                                 40     0   1  4  

Penalty Kill 4 Players Forward 
   Center                   Wing                     Time % Phy DF OF 
 1 Maxime Macenauer         Ondrej Kase              60     1   3  1  
 2 Brett Howden             Cristiano Digiacinto     40     1   3  1  

Penalty Kill 4 Players Defense
   Defense                  Defense                  Time % Phy DF OF 
 1 Damon Severson           Ilya Lyubushkin          60     1   4  0  
 2 Dalton Thrower           Darren Dietz             40     1   4  0  

Penalty Kill - 3 Players Forward 
   Forward                                           Time % Phy DF OF 
 1 Maxime Macenauer                                  60     1   3  1  
 2 Alan Quine                                        40     1   3  1  

Penalty Kill - 3 Players Defense
   Defense                  Defense                  Time % Phy DF OF 
 1 Damon Severson           Ilya Lyubushkin          60     1   4  0  
 2 Dalton Thrower           Darren Dietz             40     1   4  0  

4 vs 4 Forward 
   Center                   Wing                     Time % Phy DF OF 
 1 Maxime Macenauer         Ondrej Kase              60     0   2  3  
 2 Alan Quine               Conor Garland            40     0   2  3  

4 vs 4 Defense
   Defense                  Defense                  Time % Phy DF OF 
 1 Damon Severson           Ilya Lyubushkin          60     0   3  2  
 2 Dalton Thrower           Darren Dietz             40     0   3  2  

Last Minutes Offensive
   Center                   Left Wing                Right Wing               Defense                  Defense                  
   Maxime Macenauer         Valeri Nichushkin        Ondrej Kase              Damon Severson           Darren Dietz             

Last Minutes Defensive
   Center                   Left Wing                Right Wing               Defense                  Defense                  
   Maxime Macenauer         Brett Seney              Ondrej Kase              Ilya Lyubushkin          Darren Dietz             

Goaltenders
Starting : Calvin Pickard           
Backup : Juuse Saros              

Extra Forwards
Normal : Joonas Donskoi, Alan Quine, Reid Boucher - PP : Joonas Donskoi, Alan Quine - PK : Joonas Donskoi
Extra Defensemen
Normal : Robbie Russo, Jake Bean, Wyatt Kalynuk - PP : Robbie Russo - PK : Robbie Russo, Jake Bean
Penalty Shots
Valeri Nichushkin, Ondrej Kase, Maxime Macenauer, Damon Severson, Joonas Donskoi

Scratches
Jonny Brodzinski (Healthy), Vincent Desharnais (Healthy)

Heat

5 vs 5 Forward 
   Center                   Left Wing                Right Wing               Time % Phy DF OF 
 1 Victor Rask              Matthew Nieto            Evgeny Svechnikov        40     1   2  2  
 2 Philip Varone            Jesper Bratt             Barclay Goodrow          30     1   2  2  
 3 Ryan Spooner             Eric Karlsson            Trevor Carrick           20     1   2  2  
 4 Nico Sturm               Chris Brown              Tage Thompson            10     1   2  2  

5 vs 5 Defense 
   Defense                  Defense                                           Time % Phy DF OF 
 1 Rasmus Andersson         Frank Corrado                                     40     1   2  2  
 2 Erik Brannstrom          Mathieu Brodeur                                   30     1   2  2  
 3 Brandon Hickey           Dominik Masin                                     20     1   2  2  
 4 Rasmus Andersson         Mathieu Brodeur                                   10     1   2  2  

PowerPlay Forward 
   Center                   Left Wing                Right Wing               Time % Phy DF OF 
 1 Victor Rask              Matthew Nieto            Evgeny Svechnikov        60     1   2  2  
 2 Philip Varone            Jesper Bratt             Barclay Goodrow          40     1   2  2  

PowerPlay Defense
   Defense                  Defense                                           Time % Phy DF OF 
 1 Rasmus Andersson         Frank Corrado                                     60     1   2  2  
 2 Erik Brannstrom          Mathieu Brodeur                                   40     1   2  2  

Penalty Kill 4 Players Forward 
   Center                   Wing                     Time % Phy DF OF 
 1 Philip Varone            Jesper Bratt             60     1   2  2  
 2 Nico Sturm               Barclay Goodrow          40     1   2  2  

Penalty Kill 4 Players Defense
   Defense                  Defense                  Time % Phy DF OF 
 1 Rasmus Andersson         Dominik Masin            60     1   2  2  
 2 Brandon Hickey           Mathieu Brodeur          40     1   2  2  

Penalty Kill - 3 Players Forward 
   Forward                                           Time % Phy DF OF 
 1 Matthew Nieto                                     60     1   2  2  
 2 Philip Varone                                     40     1   2  2  

Penalty Kill - 3 Players Defense
   Defense                  Defense                  Time % Phy DF OF 
 1 Rasmus Andersson         Frank Corrado            60     1   2  2  
 2 Brandon Hickey           Mathieu Brodeur          40     1   2  2  

4 vs 4 Forward 
   Center                   Wing                     Time % Phy DF OF 
 1 Victor Rask              Matthew Nieto            60     1   2  2  
 2 Philip Varone            Evgeny Svechnikov        40     1   2  2  

4 vs 4 Defense
   Defense                  Defense                  Time % Phy DF OF 
 1 Rasmus Andersson         Frank Corrado            60     1   2  2  
 2 Erik Brannstrom          Mathieu Brodeur          40     1   2  2  

Last Minutes Offensive
   Center                   Left Wing                Right Wing               Defense                  Defense                  
   Victor Rask              Matthew Nieto            Evgeny Svechnikov        Rasmus Andersson         Frank Corrado            

Last Minutes Defensive
   Center                   Left Wing                Right Wing               Defense                  Defense                  
   Philip Varone            Matthew Nieto            Evgeny Svechnikov        Rasmus Andersson         Frank Corrado            

Goaltenders
Starting : Michael Hutchinson       
Backup : Vitek Vanecek            

Extra Forwards
Normal : Nico Sturm, Ryan Spooner, Evgeny Svechnikov - PP : Philip Varone, Chris Brown - PK : Barclay Goodrow
Extra Defensemen
Normal : Mathieu Brodeur, Erik Brannstrom, Brandon Hickey - PP : Erik Brannstrom - PK : Dominik Masin, Brandon Hickey
Penalty Shots
Evgeny Svechnikov, Matthew Nieto, Jesper Bratt, Victor Rask, Philip Varone

Scratches
Christian Jaros (Healthy), Skyler Brind'Amour (Healthy), John Gilmour (Healthy), Darren Raddysh (Healthy), Peter Cehlarik (Healthy)
Petteri Lindbohm (Healthy), Ryan Donato (Healthy), Ivan Chekhovich (Healthy), Vladislav Kamenev (Healthy), Taylor Raddysh (Healthy)
Radim Zohorna (Healthy), Collin Delia (Healthy)

% Time on Ice - Devils

Lines # - Real PCT - Wanted PCT - Time Play
Normal Forward
1 - 33% - 35% - 14:47
2 - 27% - 30% - 11:57
3 - 25% - 23% - 11:22
4 - 15% - 12% - 6:59
Normal Defense
1 - 41% - 40% - 18:17
2 - 31% - 30% - 14:01
3 - 18% - 20% - 8:00
4 - 11% - 10% - 4:47
PP Forward
1 - 58% - 60% - 8:10
2 - 42% - 40% - 6:01
PP Defense
1 - 63% - 60% - 8:53
2 - 37% - 40% - 5:18
PK Forward
1 - 73% - 60% - 0:32
2 - 27% - 40% - 0:12
PK Defense
1 - 73% - 60% - 0:32
2 - 27% - 40% - 0:12
PK3 Forward
1 - 0% - 60%
2 - 0% - 40%
PK3 Defense
1 - 0% - 60%
2 - 0% - 40%
44 Forward
1 - 0% - 60%
2 - 0% - 40%
44 Defense
1 - 0% - 60%
2 - 0% - 40%
Last Minute Offensive  - 0:00
Last Minute Defensive  - 0:00
Total
Forward - 60:00
Defense - 60:00

% Time on Ice - Heat

Lines # - Real PCT - Wanted PCT - Time Play
Normal Forward
1 - 41% - 40% - 18:29
2 - 26% - 30% - 11:47
3 - 21% - 20% - 9:29
4 - 12% - 10% - 5:20
Normal Defense
1 - 39% - 40% - 17:41
2 - 31% - 30% - 14:07
3 - 24% - 20% - 10:53
4 - 5% - 10% - 2:24
PP Forward
1 - 64% - 60% - 0:28
2 - 36% - 40% - 0:16
PP Defense
1 - 100% - 60% - 0:44
2 - 0% - 40% - 0:00
PK Forward
1 - 71% - 60% - 10:08
2 - 29% - 40% - 4:03
PK Defense
1 - 62% - 60% - 8:49
2 - 38% - 40% - 5:22
PK3 Forward
1 - 0% - 60%
2 - 0% - 40%
PK3 Defense
1 - 0% - 60%
2 - 0% - 40%
44 Forward
1 - 0% - 60%
2 - 0% - 40%
44 Defense
1 - 0% - 60%
2 - 0% - 40%
Last Minute Offensive  - 0:00
Last Minute Defensive  - 0:00
Total
Forward - 60:00
Defense - 60:00

Play-by-Play

1st period


0:01 of 1st period - Maxime Macenauer wins face-off versus Evgeny Svechnikov in neutral zone.
0:14 of 1st period - Snap shot by Maxime Macenauer.
0:14 of 1st period - Deflect By Ondrej Kase.
0:14 of 1st period - Stopped by Michael Hutchinson without a rebound.
0:15 of 1st period - Philip Varone wins face-off versus Brett Seney in Heat zone.
0:15 of 1st period - Philip Varone is hit by Conor Garland.
1:07 of 1st period - Wrist shot by Matthew Nieto.
1:07 of 1st period - Shot Misses the Net.
1:12 of 1st period - Icing by Eeli Tolvanen.
1:13 of 1st period - Brett Howden wins face-off versus Nico Sturm in Devils zone.
1:13 of 1st period - Brett Howden is hit by Dominik Masin.
1:21 of 1st period - Snap shot by Eeli Tolvanen.
1:21 of 1st period - Shot Misses the Net.
2:32 of 1st period - Slapshot by Brett Seney.
2:32 of 1st period - Stopped by Michael Hutchinson with a rebound.
2:46 of 1st period - Brandon Hickey is hit by Ondrej Kase and loses puck.
2:55 of 1st period - Wrist shot by Ondrej Kase.
2:55 of 1st period - Stopped by Michael Hutchinson without a rebound.
2:56 of 1st period - Victor Rask wins face-off versus Reid Boucher in Heat zone.
3:09 of 1st period - Snap shot by Reid Boucher.
3:09 of 1st period - Shot Blocked by Evgeny Svechnikov.
3:19 of 1st period - Reid Boucher is hit by Victor Rask and loses puck.
3:25 of 1st period - Icing by Mason Marchment.
3:26 of 1st period - Philip Varone wins face-off versus Reid Boucher in Devils zone.
3:53 of 1st period - Wrist shot by Joonas Donskoi.
3:53 of 1st period - Shot Misses the Net.
3:55 of 1st period - Slapshot by Ilya Lyubushkin.
3:55 of 1st period - Shot Misses the Net.
4:11 of 1st period - Slapshot by Damon Severson.
4:11 of 1st period - Shot Blocked by Erik Brannstrom.
5:09 of 1st period - Wrist shot by Reid Boucher.
5:09 of 1st period - Shot Misses the Net.
5:11 of 1st period - Slapshot by Ilya Lyubushkin.
5:11 of 1st period - Shot Misses the Net.
5:13 of 1st period - Wrist shot by Reid Boucher.
5:13 of 1st period - Devils goal is going for a video replay.
5:13 of 1st period - The goal is refused. The attacking player has interfered with a goalkeeper in his goal crease..
5:14 of 1st period - Maxime Macenauer wins face-off versus Evgeny Svechnikov in Heat zone.
5:15 of 1st period - Slapshot by Ondrej Kase.
5:15 of 1st period - Shot Misses the Net.
5:17 of 1st period - Snap shot by Ondrej Kase.
5:17 of 1st period - Stopped by Michael Hutchinson without a rebound.
5:18 of 1st period - Victor Rask wins face-off versus Maxime Macenauer in Heat zone.
5:27 of 1st period - Wrist shot by Victor Rask.
5:27 of 1st period - Stopped by Calvin Pickard with a rebound.
6:11 of 1st period - Slapshot by Evgeny Svechnikov.
6:11 of 1st period - Goal by Evgeny Svechnikov - Devils : 0 - Heat : 1.
6:12 of 1st period - Ryan Spooner wins face-off versus Maxime Macenauer in neutral zone.
6:28 of 1st period - Minor Penalty to Brandon Hickey for Interference.
6:29 of 1st period - Maxime Macenauer wins face-off versus Philip Varone in Heat zone.
7:52 of 1st period - Ondrej Kase is hit by Frank Corrado and loses puck.
8:28 of 1st period - Penalty to Brandon Hickey is over, Brandon Hickey is back on ice.
8:40 of 1st period - Wrist shot by Eeli Tolvanen.
8:40 of 1st period - Shot Misses the Net.
9:15 of 1st period - Brett Howden is hit by Chris Brown and loses puck.
9:39 of 1st period - Dominik Masin is hit by Darren Dietz and loses puck.
9:46 of 1st period - Darren Dietz is hit by Philip Varone and loses puck.
10:34 of 1st period - Slapshot by Matthew Nieto.
10:34 of 1st period - Shot Misses the Net.
10:36 of 1st period - Slapshot by Erik Brannstrom.
10:36 of 1st period - Deflect By Evgeny Svechnikov.
10:36 of 1st period - Shot Misses the Net.
10:36 of 1st period - Puck is out of play.
10:37 of 1st period - Victor Rask wins face-off versus Maxime Macenauer in Devils zone.
10:38 of 1st period - Snap shot by Evgeny Svechnikov.
10:38 of 1st period - Shot Blocked by Ondrej Kase.
11:00 of 1st period - Brett Seney is hit by Evgeny Svechnikov and loses puck.
11:07 of 1st period - Snap shot by Victor Rask.
11:07 of 1st period - Shot Misses the Net.
11:09 of 1st period - Slapshot by Brandon Hickey.
11:09 of 1st period - Stopped by Calvin Pickard with a rebound.
11:11 of 1st period - Wrist shot by Evgeny Svechnikov.
11:11 of 1st period - Stopped by Calvin Pickard without a rebound.
11:12 of 1st period - Maxime Macenauer wins face-off versus Eric Karlsson in Devils zone.
11:17 of 1st period - Wrist shot by Ondrej Kase.
11:17 of 1st period - Shot Misses the Net.
11:19 of 1st period - Snap shot by Valeri Nichushkin.
11:19 of 1st period - Goal by Valeri Nichushkin - Devils : 1 - Heat : 1.
11:20 of 1st period - Maxime Macenauer wins face-off versus Evgeny Svechnikov in neutral zone.
11:51 of 1st period - Ilya Lyubushkin is hit by Barclay Goodrow and loses puck.
12:30 of 1st period - Dominik Masin is hit by Reid Boucher and loses puck.
12:35 of 1st period - Wrist shot by Joonas Donskoi.
12:35 of 1st period - Deflect By Nico Sturm.
12:35 of 1st period - Shot Misses the Net.
12:35 of 1st period - Puck is out of play.
12:36 of 1st period - Reid Boucher wins face-off versus Victor Rask in Heat zone.
12:51 of 1st period - Slapshot by Victor Rask.
12:51 of 1st period - Stopped by Calvin Pickard without a rebound.
12:52 of 1st period - Philip Varone wins face-off versus Maxime Macenauer in Devils zone.
12:53 of 1st period - Slapshot by Barclay Goodrow.
12:53 of 1st period - Shot Misses the Net.
13:27 of 1st period - Wrist shot by Ryan Spooner.
13:27 of 1st period - Deflect By Trevor Carrick.
13:27 of 1st period - Shot Blocked by Ilya Lyubushkin.
13:27 of 1st period - Puck is out of play.
13:28 of 1st period - Alan Quine wins face-off versus Victor Rask in Devils zone.
13:32 of 1st period - Icing by Alan Quine.
13:33 of 1st period - Conor Garland wins face-off versus Victor Rask in Devils zone.
13:43 of 1st period - Off-side.
13:44 of 1st period - Alan Quine wins face-off versus Evgeny Svechnikov in neutral zone.
14:48 of 1st period - Icing by Brandon Hickey.
14:49 of 1st period - Joonas Donskoi wins face-off versus Victor Rask in Heat zone.
15:02 of 1st period - Darren Dietz is hit by Evgeny Svechnikov and loses puck.
15:40 of 1st period - Mason Marchment is hit by Jesper Bratt and loses puck.
15:49 of 1st period - Wrist shot by Jesper Bratt.
15:49 of 1st period - Shot Hit the Post.
15:59 of 1st period - Slapshot by Rasmus Andersson.
15:59 of 1st period - Stopped by Calvin Pickard without a rebound.
16:00 of 1st period - Nico Sturm wins face-off versus Brett Howden in Devils zone.
16:15 of 1st period - Cristiano Digiacinto is hit by Frank Corrado and loses puck.
17:16 of 1st period - Snap shot by Joonas Donskoi.
17:16 of 1st period - Goal by Joonas Donskoi - Devils : 2 - Heat : 1.
17:17 of 1st period - Maxime Macenauer wins face-off versus Philip Varone in neutral zone.
17:56 of 1st period - Slapshot by Victor Rask.
17:56 of 1st period - Deflect By Matthew Nieto.
17:56 of 1st period - Stopped by Calvin Pickard without a rebound.
17:57 of 1st period - Jesper Bratt wins face-off versus Alan Quine in Devils zone.
17:58 of 1st period - Wrist shot by Philip Varone.
17:58 of 1st period - Stopped by Calvin Pickard without a rebound.
17:59 of 1st period - Philip Varone wins face-off versus Alan Quine in Devils zone.
18:11 of 1st period - Mathieu Brodeur is hit by Conor Garland and loses puck.
18:20 of 1st period - Minor Penalty to Erik Brannstrom for Holding.
18:21 of 1st period - Maxime Macenauer wins face-off versus Philip Varone in Heat zone.
Goals for this period are 2 for Devils vs 1 for Heat.
Shots for this period are 7 for Devils vs 8 for Heat.

2nd period


0:01 of 2nd period - Philip Varone wins face-off versus Maxime Macenauer in neutral zone.
0:04 of 2nd period - Ondrej Kase is hit by Jesper Bratt and loses puck.
0:20 of 2nd period - Penalty to Erik Brannstrom is over, Erik Brannstrom is back on ice.
0:25 of 2nd period - Philip Varone is hit by Brett Seney and loses puck.
0:36 of 2nd period - Slapshot by Rasmus Andersson.
0:36 of 2nd period - Deflect By Erik Brannstrom.
0:36 of 2nd period - Stopped by Calvin Pickard with a rebound.
0:38 of 2nd period - Slapshot by Rasmus Andersson.
0:38 of 2nd period - Stopped by Calvin Pickard with a rebound.
0:52 of 2nd period - Backhand shot by Rasmus Andersson.
0:52 of 2nd period - Shot Misses the Net.
0:54 of 2nd period - Slapshot by Dominik Masin.
0:54 of 2nd period - Deflect By Darren Dietz.
0:54 of 2nd period - Stopped by Calvin Pickard without a rebound.
0:55 of 2nd period - Maxime Macenauer wins face-off versus Ryan Spooner in Devils zone.
1:35 of 2nd period - Erik Brannstrom is hit by Brett Howden and loses puck.
1:54 of 2nd period - Snap shot by Joonas Donskoi.
1:54 of 2nd period - Shot Misses the Net.
1:59 of 2nd period - Icing by Rasmus Andersson.
2:00 of 2nd period - Nico Sturm wins face-off versus Maxime Macenauer in Heat zone.
2:11 of 2nd period - Wrist shot by Nico Sturm.
2:11 of 2nd period - Stopped by Calvin Pickard with a rebound.
2:52 of 2nd period - Wrist shot by Ryan Spooner.
2:52 of 2nd period - Deflect By Eric Karlsson.
2:52 of 2nd period - Shot Misses the Net.
2:52 of 2nd period - Puck is out of play.
2:53 of 2nd period - Ryan Spooner wins face-off versus Maxime Macenauer in Devils zone.
3:48 of 2nd period - Snap shot by Alan Quine.
3:48 of 2nd period - Shot Misses the Net.
3:50 of 2nd period - Wrist shot by Alan Quine.
3:50 of 2nd period - Stopped by Michael Hutchinson with a rebound.
3:56 of 2nd period - Minor Penalty to Trevor Carrick for Holding Stick.
3:57 of 2nd period - Philip Varone wins face-off versus Maxime Macenauer in Heat zone.
5:02 of 2nd period - Barclay Goodrow is hit by Ondrej Kase.
5:28 of 2nd period - Dominik Masin is hit by Ilya Lyubushkin and loses puck.
5:56 of 2nd period - Penalty to Trevor Carrick is over, Trevor Carrick is back on ice.
6:12 of 2nd period - Snap shot by Dalton Thrower.
6:12 of 2nd period - Deflect By Eeli Tolvanen.
6:12 of 2nd period - Shot Misses the Net.
6:12 of 2nd period - Puck is out of play.
6:13 of 2nd period - Victor Rask wins face-off versus Brett Howden in Heat zone.
6:13 of 2nd period - Victor Rask is hit by Dalton Thrower.
6:32 of 2nd period - Eeli Tolvanen is hit by Mathieu Brodeur and loses puck.
6:45 of 2nd period - Slapshot by Mathieu Brodeur.
6:45 of 2nd period - Shot Misses the Net.
6:47 of 2nd period - Snap shot by Chris Brown.
6:47 of 2nd period - Stopped by Calvin Pickard with a rebound.
6:49 of 2nd period - Slapshot by Mathieu Brodeur.
6:49 of 2nd period - Shot Blocked by Damon Severson.
6:51 of 2nd period - Slapshot by Mathieu Brodeur.
6:51 of 2nd period - Shot Misses the Net.
6:53 of 2nd period - Wrist shot by Nico Sturm.
6:53 of 2nd period - Shot Misses the Net.
6:55 of 2nd period - Snap shot by Erik Brannstrom.
6:55 of 2nd period - Stopped by Calvin Pickard without a rebound.
6:56 of 2nd period - Ryan Spooner wins face-off versus Maxime Macenauer in Devils zone.
6:57 of 2nd period - Slapshot by Eric Karlsson.
6:57 of 2nd period - Stopped by Calvin Pickard without a rebound.
6:58 of 2nd period - Ryan Spooner wins face-off versus Maxime Macenauer in Devils zone.
7:07 of 2nd period - Snap shot by Trevor Carrick.
7:07 of 2nd period - Shot Blocked by Ondrej Kase.
7:49 of 2nd period - Wrist shot by Maxime Macenauer.
7:49 of 2nd period - Stopped by Michael Hutchinson without a rebound.
7:50 of 2nd period - Jesper Bratt wins face-off versus Alan Quine in Heat zone.
7:57 of 2nd period - Snap shot by Philip Varone.
7:57 of 2nd period - Shot Misses the Net.
8:35 of 2nd period - Wrist shot by Barclay Goodrow.
8:35 of 2nd period - Stopped by Calvin Pickard without a rebound.
8:36 of 2nd period - Joonas Donskoi wins face-off versus Victor Rask in Devils zone.
8:48 of 2nd period - Off-side.
8:49 of 2nd period - Maxime Macenauer wins face-off versus Victor Rask in neutral zone.
9:02 of 2nd period - Slapshot by Maxime Macenauer.
9:02 of 2nd period - Shot Misses the Net.
9:04 of 2nd period - Wrist shot by Valeri Nichushkin.
9:04 of 2nd period - Stopped by Michael Hutchinson with a rebound.
9:20 of 2nd period - Snap shot by Mason Marchment.
9:20 of 2nd period - Deflect By Joonas Donskoi.
9:20 of 2nd period - Shot Blocked by Rasmus Andersson.
9:20 of 2nd period - Puck is out of play.
9:21 of 2nd period - Philip Varone wins face-off versus Reid Boucher in Heat zone.
10:18 of 2nd period - Minor Penalty to Eric Karlsson for Hooking.
10:19 of 2nd period - Maxime Macenauer wins face-off versus Philip Varone in Heat zone.
10:19 of 2nd period - Wrist shot by Ondrej Kase.
10:19 of 2nd period - Stopped by Michael Hutchinson without a rebound.
10:20 of 2nd period - Philip Varone wins face-off versus Maxime Macenauer in Heat zone.
10:29 of 2nd period - Wrist shot by Philip Varone.
10:29 of 2nd period - Stopped by Calvin Pickard with a rebound.
10:35 of 2nd period - Slapshot by Jake Bean.
10:35 of 2nd period - Goal by Jake Bean - Devils : 3 - Heat : 1.
10:36 of 2nd period - Victor Rask wins face-off versus Alan Quine in neutral zone.
11:06 of 2nd period - Rasmus Andersson is hit by Valeri Nichushkin.
11:12 of 2nd period - Slapshot by Rasmus Andersson.
11:12 of 2nd period - Deflect By Jake Bean.
11:12 of 2nd period - Stopped by Calvin Pickard with a rebound.
11:44 of 2nd period - Snap shot by Ondrej Kase.
11:44 of 2nd period - Deflect By Valeri Nichushkin.
11:44 of 2nd period - Stopped by Michael Hutchinson without a rebound.
11:45 of 2nd period - Matthew Nieto wins face-off versus Alan Quine in Heat zone.
11:55 of 2nd period - Minor Penalty to Ilya Lyubushkin for Hooking.
11:56 of 2nd period - Maxime Macenauer wins face-off versus Victor Rask in Devils zone.
12:31 of 2nd period - Icing by Rasmus Andersson.
12:32 of 2nd period - Philip Varone wins face-off versus Brett Howden in Heat zone.
12:39 of 2nd period - Slapshot by Matthew Nieto.
12:39 of 2nd period - Goal by Matthew Nieto - Devils : 3 - Heat : 2.
12:40 of 2nd period - Victor Rask wins face-off versus Alan Quine in neutral zone.
12:43 of 2nd period - Slapshot by Rasmus Andersson.
12:43 of 2nd period - Shot Misses the Net.
13:07 of 2nd period - Conor Garland is hit by Ryan Spooner and loses puck.
13:18 of 2nd period - Slapshot by Brett Seney.
13:18 of 2nd period - Stopped by Michael Hutchinson with a rebound.
13:22 of 2nd period - Slapshot by Alan Quine.
13:22 of 2nd period - Stopped by Michael Hutchinson without a rebound.
13:23 of 2nd period - Philip Varone wins face-off versus Maxime Macenauer in Heat zone.
14:16 of 2nd period - Slapshot by Dalton Thrower.
14:16 of 2nd period - Stopped by Michael Hutchinson with a rebound.
14:22 of 2nd period - Wrist shot by Cristiano Digiacinto.
14:22 of 2nd period - Stopped by Michael Hutchinson with a rebound.
14:24 of 2nd period - Snap shot by Dalton Thrower.
14:24 of 2nd period - Stopped by Michael Hutchinson without a rebound.
14:25 of 2nd period - Philip Varone wins face-off versus Maxime Macenauer in Heat zone.
14:32 of 2nd period - Slapshot by Rasmus Andersson.
14:32 of 2nd period - Stopped by Calvin Pickard with a rebound.
14:34 of 2nd period - Snap shot by Barclay Goodrow.
14:34 of 2nd period - Stopped by Calvin Pickard with a rebound.
14:56 of 2nd period - Off-side.
14:57 of 2nd period - Victor Rask wins face-off versus Alan Quine in neutral zone.
15:00 of 2nd period - Brett Seney is hit by Brandon Hickey and loses puck.
15:53 of 2nd period - Snap shot by Philip Varone.
15:53 of 2nd period - Goal by Philip Varone - Devils : 3 - Heat : 3.
15:54 of 2nd period - Maxime Macenauer wins face-off versus Victor Rask in neutral zone.
16:01 of 2nd period - Slapshot by Ilya Lyubushkin.
16:01 of 2nd period - Stopped by Michael Hutchinson without a rebound.
16:02 of 2nd period - Victor Rask wins face-off versus Ondrej Kase in Heat zone.
16:09 of 2nd period - Snap shot by Rasmus Andersson.
16:09 of 2nd period - Stopped by Calvin Pickard with a rebound.
16:25 of 2nd period - Snap shot by Evgeny Svechnikov.
16:25 of 2nd period - Shot Misses the Net.
16:27 of 2nd period - Slapshot by Frank Corrado.
16:27 of 2nd period - Stopped by Calvin Pickard with a rebound.
17:09 of 2nd period - Wrist shot by Victor Rask.
17:09 of 2nd period - Shot Misses the Net.
17:11 of 2nd period - Snap shot by Evgeny Svechnikov.
17:11 of 2nd period - Shot Misses the Net.
17:21 of 2nd period - Slapshot by Rasmus Andersson.
17:21 of 2nd period - Shot Blocked by Ilya Lyubushkin.
17:23 of 2nd period - Slapshot by Frank Corrado.
17:23 of 2nd period - Deflect By Matthew Nieto.
17:23 of 2nd period - Shot Blocked by Ilya Lyubushkin.
17:23 of 2nd period - Puck is out of play.
17:24 of 2nd period - Alan Quine wins face-off versus Barclay Goodrow in Devils zone.
17:24 of 2nd period - Alan Quine is hit by Barclay Goodrow.
17:40 of 2nd period - Snap shot by Barclay Goodrow.
17:40 of 2nd period - Shot Misses the Net.
18:52 of 2nd period - Off-side.
18:53 of 2nd period - Reid Boucher wins face-off versus Ryan Spooner in neutral zone.
18:58 of 2nd period - Reid Boucher is hit by Ryan Spooner and loses puck.
19:23 of 2nd period - Wrist shot by Nico Sturm.
19:23 of 2nd period - Deflect By Chris Brown.
19:23 of 2nd period - Goal by Chris Brown - Devils : 3 - Heat : 4.
19:24 of 2nd period - Alan Quine wins face-off versus Evgeny Svechnikov in neutral zone.
19:32 of 2nd period - Slapshot by Rasmus Andersson.
19:32 of 2nd period - Shot Misses the Net.
19:34 of 2nd period - Slapshot by Frank Corrado.
19:34 of 2nd period - Shot Blocked by Dalton Thrower.
19:36 of 2nd period - Snap shot by Rasmus Andersson.
19:36 of 2nd period - Shot Blocked by Alan Quine.
19:50 of 2nd period - Rasmus Andersson is hit by Maxime Macenauer and loses puck.
19:55 of 2nd period - Snap shot by Maxime Macenauer.
19:55 of 2nd period - Stopped by Michael Hutchinson with a rebound.
19:57 of 2nd period - Wrist shot by Ondrej Kase.
19:57 of 2nd period - Shot Hit the Post.
19:59 of 2nd period - Snap shot by Maxime Macenauer.
19:59 of 2nd period - Goal by Maxime Macenauer - Devils : 4 - Heat : 4.
Goals for this period are 2 for Devils vs 3 for Heat.
Shots for this period are 14 for Devils vs 17 for Heat.

3rd period


0:01 of 3rd period - Victor Rask wins face-off versus Alan Quine in neutral zone.
0:11 of 3rd period - Evgeny Svechnikov is hit by Damon Severson and loses puck.
0:34 of 3rd period - Off-side.
0:35 of 3rd period - Victor Rask wins face-off versus Maxime Macenauer in neutral zone.
0:38 of 3rd period - Dalton Thrower is hit by Evgeny Svechnikov.
0:42 of 3rd period - Snap shot by Ondrej Kase.
0:42 of 3rd period - Stopped by Michael Hutchinson without a rebound.
0:43 of 3rd period - Victor Rask wins face-off versus Maxime Macenauer in Heat zone.
0:43 of 3rd period - Victor Rask is hit by Ondrej Kase.
1:05 of 3rd period - Wrist shot by Matthew Nieto.
1:05 of 3rd period - Stopped by Calvin Pickard without a rebound.
1:06 of 3rd period - Jesper Bratt wins face-off versus Alan Quine in Devils zone.
1:24 of 3rd period - Icing by Ilya Lyubushkin.
1:25 of 3rd period - Evgeny Svechnikov wins face-off versus Alan Quine in Devils zone.
1:52 of 3rd period - Slapshot by Alan Quine.
1:52 of 3rd period - Shot Blocked by Mathieu Brodeur.
2:02 of 3rd period - Conor Garland is hit by Barclay Goodrow.
2:22 of 3rd period - Maxime Macenauer is hit by Eric Karlsson and loses puck.
2:45 of 3rd period - Snap shot by Joonas Donskoi.
2:45 of 3rd period - Stopped by Michael Hutchinson with a rebound.
3:28 of 3rd period - Snap shot by Victor Rask.
3:28 of 3rd period - Stopped by Calvin Pickard with a rebound.
3:52 of 3rd period - Snap shot by Alan Quine.
3:52 of 3rd period - Stopped by Michael Hutchinson with a rebound.
4:59 of 3rd period - Snap shot by Brett Seney.
4:59 of 3rd period - Deflect By Alan Quine.
4:59 of 3rd period - Shot Misses the Net.
4:59 of 3rd period - Puck is out of play.
5:00 of 3rd period - Eric Karlsson wins face-off versus Maxime Macenauer in Heat zone.
5:05 of 3rd period - Wrist shot by Maxime Macenauer.
5:05 of 3rd period - Stopped by Michael Hutchinson with a rebound.
5:07 of 3rd period - Minor Penalty to Eric Karlsson for Hooking.
5:08 of 3rd period - Maxime Macenauer wins face-off versus Philip Varone in Heat zone.
7:02 of 3rd period - Dominik Masin is hit by Conor Garland.
7:07 of 3rd period - Penalty to Eric Karlsson is over, Eric Karlsson is back on ice.
7:35 of 3rd period - Wrist shot by Jake Bean.
7:35 of 3rd period - Stopped by Michael Hutchinson without a rebound.
7:36 of 3rd period - Brett Howden wins face-off versus Victor Rask in Heat zone.
7:41 of 3rd period - Wrist shot by Cristiano Digiacinto.
7:41 of 3rd period - Shot Misses the Net.
7:51 of 3rd period - Brett Howden is hit by Victor Rask and loses puck.
8:07 of 3rd period - Snap shot by Trevor Carrick.
8:07 of 3rd period - Stopped by Calvin Pickard without a rebound.
8:08 of 3rd period - Maxime Macenauer wins face-off versus Philip Varone in Devils zone.
8:34 of 3rd period - Minor Penalty to Victor Rask for Tripping.
8:35 of 3rd period - Jesper Bratt wins face-off versus Maxime Macenauer in Heat zone.
8:35 of 3rd period - Jesper Bratt is hit by Ondrej Kase.
9:05 of 3rd period - Snap shot by Barclay Goodrow.
9:05 of 3rd period - Goal by Barclay Goodrow - Devils : 4 - Heat : 5.
9:06 of 3rd period - Jesper Bratt wins face-off versus Maxime Macenauer in neutral zone.
10:34 of 3rd period - Penalty to Victor Rask is over, Victor Rask is back on ice.
10:50 of 3rd period - Snap shot by Ryan Spooner.
10:50 of 3rd period - Goal by Ryan Spooner - Devils : 4 - Heat : 6.
10:51 of 3rd period - Maxime Macenauer wins face-off versus Victor Rask in neutral zone.
10:56 of 3rd period - Slapshot by Valeri Nichushkin.
10:56 of 3rd period - Shot Blocked by Frank Corrado.
10:58 of 3rd period - Double Minor Penalty to Frank Corrado for Slashing.
10:59 of 3rd period - Philip Varone wins face-off versus Maxime Macenauer in Heat zone.
11:24 of 3rd period - Jesper Bratt is hit by Damon Severson and loses puck.
13:39 of 3rd period - Rasmus Andersson is hit by Ondrej Kase and loses puck.
14:02 of 3rd period - Erik Brannstrom is hit by Joonas Donskoi and loses puck.
14:23 of 3rd period - Conor Garland is hit by Chris Brown and loses puck.
14:58 of 3rd period - Penalty to Frank Corrado is over, Frank Corrado is back on ice.
15:38 of 3rd period - Off-side.
15:39 of 3rd period - Reid Boucher wins face-off versus Nico Sturm in neutral zone.
16:20 of 3rd period - Brett Seney is hit by Barclay Goodrow.
16:30 of 3rd period - Snap shot by Nico Sturm.
16:30 of 3rd period - Stopped by Calvin Pickard with a rebound.
16:58 of 3rd period - Wrist shot by Matthew Nieto.
16:58 of 3rd period - Stopped by Calvin Pickard without a rebound.
16:59 of 3rd period - Reid Boucher wins face-off versus Victor Rask in Devils zone.
17:26 of 3rd period - Matthew Nieto is hit by Eeli Tolvanen and loses puck.
18:15 of 3rd period - Icing by Wyatt Kalynuk.
18:16 of 3rd period - Nico Sturm wins face-off versus Maxime Macenauer in Devils zone.
18:55 of 3rd period - Joonas Donskoi is hit by Eric Karlsson and loses puck.
19:10 of 3rd period - Ilya Lyubushkin is hit by Evgeny Svechnikov and loses puck.
19:52 of 3rd period - Alan Quine is hit by Eric Karlsson.
Goals for this period are 0 for Devils vs 2 for Heat.
Shots for this period are 5 for Devils vs 7 for Heat.